[Event "Live Chess"]
[Site "Chess.com"]
[Date "2023.05.21"]
[Round "-"]
[White "gmnorfolk"]
[Black "lord_cll"]
[Result "1-0"]
[WhiteElo "2129"]
[BlackElo "1208"]
[TimeControl "300"]
[EndTime "7:27:58 PDT"]
[Termination "gmnorfolk won by resignation"]

1. d4 Nf6 2. c4 g6 3. Nc3 Bg7 4.
e4 d6 5. Be2 O-O 6. Be3 e5 7. d5 a5 8. h4 Na6 9. h5 Bd7 10. h6 Bh8 11. Qd2 Rb8 12. O-O-O c6 13. dxc6 Bxc6 14. f3 Qc7 15. Qxd6 Rfd8 16. Qxc7 Nxc7 17.
Rxd8+ Rxd8 18. Bb6 Rd7 19. Nd5 Ncxd5 20. exd5 Nxd5 21. cxd5 Rxd5 22. Bc4 Rd7 23. Ne2 Kf8 24. Rd1 Rxd1+ 25. Kxd1 e4 26. Bc5+ Ke8 27. Nd4 exf3 28.
Nxc6 bxc6 29. gxf3 Kd7 30. Bxf7 Be5 31. Bg8 Bxb2 32.
Bxh7 a4 33. Bxg6 Ke6 34. h7 a3 35. Be4 Kd7 36. Kc2 Kc7 37. Kd3 1-0

[Event "Live Chess"]
[Site "Chess.com"]
[Date "2023.05.21"]
[Round "-"]
[White "HadesLearmonth"]
[Black "lateforthesky"]
[Result "0-1"]
[WhiteElo "1210"]
[BlackElo "2098"]
[TimeControl "300"]
[EndTime "7:28:08 PDT"]
[Termination "lateforthesky won by checkmate"]

1. e4 c5 2. Nf3 Nf6 3. d4 Nxe4 4. dxc5 Nxc5 5. Be3 Ne6 6. Nc3 g6 7. Bc4 Bg7 8. O-O d6 9. Qd5 O-O 10.
Rad1 Nc6 11. Ne4 Qa5 12. c3 Qxd5 13. Bxd5 Bd7 14. Bd4 Nexd4 15. cxd4 Rac8 16. a3 b6 17. b4 Rc7 18. b5 Na5 19. a4 h6 20. Rc1 Rfc8 21.
Rxc7 Rxc7 22. h3 Bf5 23. Ned2 Rc2 24. Nb3 Nxb3 25. Bxb3 Rc3 26. Bd5 e6 27. Bc6 d5 28.
Ne5 Bxe5 29. dxe5 h5 30. f3 Rc4 31. Ra1 h4 32. Kf2 Rc2+ 33. Ke3 Rxg2 34. a5 Bxh3 35. axb6 axb6 36. Ra6 Rb2 37. Rxb6 Bg2 38. Rb8+ Kg7 39. b6 h3 40. b7 h2 41. Rc8 h1=Q 42. b8=Q Qc1+ 43.
Kd4 Qc4+ 44. Ke3 Re2# 0-1

[Event "Live Chess"]
[Site "Chess.com"]
[Date "2023.05.21"]
[Round "-"]
[White "martinsmartin63"]
[Black "McSlash1"]
[Result "0-1"]
[WhiteElo "751"]
[BlackElo "2014"]
[TimeControl "300"]
[EndTime "7:28:15 PDT"]
[Termination "McSlash1 won by resignation"]

1. e4 c5 2. Nf3 d6 3. d4 cxd4 4. Nxd4 Nf6 5. e5 dxe5 6. Bb5+ Bd7 7. Qd3 exd4 8. Bxd7+ Qxd7 9. O-O e5 10. Re1 Bd6 11.
Bg5 O-O 12. Qd2 Qf5 13. Bh6 gxh6 14. Qd3 e4 15. Qh3 Qxh3 16. gxh3 e3 17. fxe3 dxe3 18. Rxe3 Bc5 19. Kf2 Re8 0-1

[Event "Live Chess"]
[Site "Chess.com"]
[Date "2023.05.21"]
[Round "-"]
[White "Dark_Night123"]
[Black "Tiltador"]
[Result "0-1"]
[WhiteElo "1542"]
[BlackElo "874"]
[TimeControl "300"]
[EndTime "7:28:16 PDT"]
[Termination "Tiltador won by resignation"]

1. e4 e5 2. Nf3 d6 3. d4 f6 4. dxe5 fxe5 5. Bc4 Nc6 6. Nc3 Nge7 7. O-O Bg4 8. h3 Bxf3 9. Qxf3 Kd7 10. Nd5 Nxd5 11. Bxd5 Kc8 12. Bxc6 bxc6 13. Qc3 Qd7 14. Be3 Be7 15.
Rad1 Bf6 16. Qa5 Rb8 17. Rde1 Rb7 18. Rd1 Rg8 19. Rd3 h6 20. Rb3 c5 21. Qa6 c6 22.
Rd1 g5 23. Bxc5 d5 24. Bxa7 d4 25. c3 Qc7 26. cxd4 exd4 27. Rxd4 Bxd4 28. Bxd4 Rd8 29. Be3 Rd1+ 30. Qf1 Rxf1+ 31. Kxf1 Rxb3 32. axb3 0-1

[Event "Live Chess"]
[Site "Chess.com"]
[Date "2023.05.21"]
[Round "-"]
[White "ossie57"]
[Black "BillythekidFellowes"]
[Result "0-1"]
[WhiteElo "1836"]
[BlackElo "2094"]
[TimeControl "300"]
[EndTime "7:28:20 PDT"]
[Termination "BillythekidFellowes won by resignation"]

1. d4 Nc6 2. Nc3 d5 3. Bf4 a6 4. e3 Nf6 5. h3 g6 6. Nf3 Bg7 7. Ne5 Nxe5 8. Bxe5 O-O 9. Be2 c5 10. O-O e6 11. dxc5 Ne8 12. Bxg7 Nxg7 13. b4 Qf6 14. Qd4 Qe7 15. e4 dxe4 16. Nxe4 Nf5 17. Nf6+ Kg7 18. Nh5+ Kg8 19. Nf6+ Kh8 20. Nh5+ Nxd4 0-1

[Event "Live Chess"]
[Site "Chess.com"]
[Date "2023.05.21"]
[Round "-"]
[White "SupremeTactician"]
[Black "hturner40"]
[Result "0-1"]
[WhiteElo "2205"]
[BlackElo "1790"]
[TimeControl "300"]
[EndTime "7:28:30 PDT"]
[Termination "hturner40 won by resignation"]

1. e4 Nc6 2. d4 e5 3. d5 Nce7 4. c4 Ng6 5. Nc3 Bc5 6. Bd3 Nf6 7. Nge2 Ng4 8. O-O Qh4 9. h3 Nxf2 10. Rxf2 Qxf2+ 11. Kh1 Nh4 12. Qg1 d6 13. Qxf2 Bxf2 14. g3 Nf3 15. Kg2 Ne1+ 16. Kxf2 Nxd3+ 17. Ke3 Nb4 18. Kd2 O-O 19. a3 Na6 20. h4 f5 21.
b4 fxe4 22. Nxe4 Bg4 23. N2c3 Rf1 24. Bb2 Raf8 25. Re1 Rxe1 26. Kxe1 Rf3 27. Kd2 Bf5 28. Ke2 Bxe4 29. Nxe4 Rb3 30. Bc3 Rxa3 31. b5 Nc5 32.
Nxc5 dxc5 33. Bxe5 Ra4 34. Bxc7 Rxc4 35. d6 Rd4 36. Ke3 Kf7 37. Bb8 a6 38. bxa6 bxa6 39.
Ba7 Rxd6 40. Bxc5 Rc6 41. Bb4 Rc8 42. Kf4 Ra8 43. Ba5 Ke6 44. g4 Kd5 45. Kf5 Rf8+ 46. Kg5 Kc6 47. Bc3 Rf7 48. h5 Kb5 49. Kh4 a5 50. g5 a4 51. g6 hxg6 52. hxg6 Rc7 53.
Kg5 0-1

[Event "Live Chess"]
[Site "Chess.com"]
[Date "2023.05.21"]
[Round "-"]
[White "TheSmoulderingMaster"]
[Black "Long1968"]
[Result "1-0"]
[WhiteElo "1656"]
[BlackElo "956"]
[TimeControl "300"]
[EndTime "7:28:33 PDT"]
[Termination "TheSmoulderingMaster won on time"]

1. e4 e6 2. d4 d5 3. Nc3 Bb4 4.
e5 c5 5. a3 cxd4 6. Qxd4 Nc6 7. Bb5 Bd7 8. Bxc6 Bxc3+ 9. Qxc3 Bxc6 10. Qg3 g6 11. Nf3 Ne7 12. O-O Nf5 13. Qg4 h5 14. Qb4 Qe7 15. Qa5 b6 16. Qc3 Rc8 17. Bg5 Qd7 18.
Bf6 O-O 19. Qd2 d4 20. h3 Bxf3 21. gxf3 Qc6 22. Qf4 Qxc2 23. Kh2 Qxb2 24. Rae1 Rc2 25.
Bh4 1-0

[Event "Live Chess"]
[Site "Chess.com"]
[Date "2023.05.21"]
[Round "-"]
[White "RichardABates"]
[Black "manthanit"]
[Result "1-0"]
[WhiteElo "2144"]
[BlackElo "1097"]
[TimeControl "300"]
[EndTime "7:28:34 PDT"]
[Termination "RichardABates won by resignation"]

1. d4 e6 2. c4 d5 3. Nc3 c5 4. cxd5 exd5 5. e4 dxe4 6. Bc4 cxd4 7. Bf4 Bb4 8. Qb3 Qb6 9. Bxf7+ Kf8 10. O-O-O dxc3 11. bxc3 Bc5 12. Bg5 Nc6 13. Ne2 Nf6 14. Bxf6 gxf6 15.
Bh5 Ne5 16. Nf4 Qxb3 17. axb3 Bf5 18. g4 Bg6 19. Ne6+ Ke7 20. Nxc5 Bxh5 21. gxh5 b6 22. Nxe4 Rhd8 23. Ng3 Rxd1+ 24. Rxd1 Rc8 25. f4 Rxc3+ 26. Kb2 Re3 27. Nf5+ Ke6 28. Nxe3 1-0

[Event "Live Chess"]
[Site "Chess.com"]
[Date "2023.05.21"]
[Round "-"]
[White "GMHarry-youtube"]
[Black "peleus16"]
[Result "0-1"]
[WhiteElo "2043"]
[BlackElo "1752"]
[TimeControl "300"]
[EndTime "7:28:37 PDT"]
[Termination "peleus16 won on time"]

1. e4 d5 2. exd5 Qxd5 3. Nc3 Qa5 4. d4 Nf6 5. Nf3 Bf5 6. Bc4 e6 7. Ne5 Nbd7 8. Bd2 c6 9. O-O Be7 10. h4 O-O 11. f3 Nxe5 12. dxe5 Qxe5 13. g4 Qg3+ 14.
Kh1 Qh3+ 15. Kg1 Qg3+ 16. Kh1 Qh3+ 17. Kg1 Bc5+ 18. Rf2 Qg3+ 19. Kh1 Bxf2 20. Qf1 Qxf3+ 21. Qg2 Qxg2+ 22. Kxg2 Nxg4 23. Be2 Bxh4 24. Rh1 Bf6 25. Bd3 Bxd3 26. cxd3 Ne5 27. Rh3 Rad8 28. Ne4 Rxd3 29.
Rh1 Ng6 30. Rf1 Bd4 31. Bc3 Bxc3 32. Nxc3 Rd2+ 33. Rf2 Rxf2+ 34. Kxf2 Rd8 35. Ke2 Rd4 36. Nd1 Rh4 37. Nf2 Rh2 38. Kf1 Nf4 39. b4 e5 40.
Nh1 Rxh1+ 41. Kf2 Ra1 42. Kg3 Rxa2 43. Kg4 Rb2 44. Kf5 Rxb4 45. Kg5 a5 46. Kf5 a4 47. Kg5 a3 48. Kf5 a2 49. Kg5 a1=Q 50. Kf5 Qd4 0-1

[Event "Live Chess"]
[Site "Chess.com"]
[Date "2023.05.21"]
[Round "-"]
[White "EdenHazard8"]
[Black "martynstanley"]
[Result "1-0"]
[WhiteElo "1942"]
[BlackElo "1030"]
[TimeControl "300"]
[EndTime "7:28:53 PDT"]
[Termination "EdenHazard8 won by checkmate"]

1. e4 e6 2. d4 d5 3. exd5 exd5 4. Bd3 c5 5. Nf3 Nc6 6. c3 Qb6 7. O-O Qc7 8. Re1+ Nge7 9. Bg5 b6 10. Ne5 Nxe5 11.
Rxe5 Bb7 12. Na3 f6 13. Qh5+ Kd8 14. Nb5 Qc6 15. Rae1 fxe5 16. Rxe5 cxd4 17. Nxd4 Qd6 18. Nf5 g6 19. Nxd6 gxh5 20. Nf7+ Kc7 21. Bxe7 Rg8 22.
Bxh7 Rg7 23. Bxf8 Rxf8 24. Re7+ Kc6 25. Ne5+ Kc5 26. Rxg7 Re8 27. Nd3+ Kc4 28. Rxb7 d4 29. Rc7+ Kd5 30. cxd4 Kxd4 31. Rd7+ Kc4 32. h4 Re2 33.
Rc7+ Kd4 34. Nf4 Re1+ 35. Kh2 Ra1 36. a3 Rb1 37. Bxb1 Ke5 38. Rh7 Kxf4 39. Rxh5 a5 40. Rg5 b5 41. Rg3 b4 42. h5 bxa3 43. bxa3 a4 44.
h6 Ke5 45. h7 Kd4 46. h8=Q+ Kc4 47.
Qh4+ Kb5 48. Rg5+ Kc6 49. Qh6+ Kd7 50. Rg7+ Ke8 51. Qh8# 1-0

[Event "Live Chess"]
[Site "Chess.com"]
[Date "2023.05.21"]
[Round "-"]
[White "zdanevych"]
[Black "f4nomore"]
[Result "0-1"]
[WhiteElo "1481"]
[BlackElo "1399"]
[TimeControl "300"]
[EndTime "7:28:57 PDT"]
[Termination "f4nomore won by resignation"]

1. d4 d6 2. c4 g6 3. e4 Bg7 4. Nc3 Nf6 5. h3 O-O 6. Nf3 Nbd7 7. Bd3 c5 8. d5 a6 9. O-O b5 10. Bd2 b4 11. Ne2 a5 12. a3 Bb7 13. axb4 cxb4 14. Rb1 Nc5 15. Bc2 Ncxe4 16. b3 Nxd2 17. Qxd2 e6 18. Nf4 e5 19. Nd3 0-1

[Event "Live Chess"]
[Site "Chess.com"]
[Date "2023.05.21"]
[Round "-"]
[White "Hussamalhaidar"]
[Black "Ferrarifan27"]
[Result "0-1"]
[WhiteElo "1152"]
[BlackElo "2046"]
[TimeControl "300"]
[EndTime "7:29:01 PDT"]
[Termination "Ferrarifan27 won by resignation"]

1. b3 d5 2. Bb2 Nc6 3. e3 e5 4. Bb5 f6 5. d3 Bd7 6. Nf3 a6 7. Bxc6 Bxc6 8. O-O Nh6 9. Nbd2 Bd6 10. h3 O-O 11. a3 Qd7 12. Re1 Kh8 13. Nf1 Rad8 14. Ng3 Nf5 15. e4 Nxg3 16. fxg3 dxe4 17. dxe4 Bc5+ 18. Kh1 Qxd1 19. Raxd1 Rxd1 20. Rxd1 Bxe4 21. Rd7 Bd6 22. c4 Bc6 23. Rxd6 cxd6 24. b4 d5 25. c5 Ra8 26. Kg1 a5 27. Kf2 axb4 28. axb4 Ra2 29.
b5 Rxb2+ 30. Ke3 Rxb5 0-1

[Event "Live Chess"]
[Site "Chess.com"]
[Date "2023.05.21"]
[Round "-"]
[White "ProfPoisson"]
[Black "AttackingSnowLeopard"]
[Result "0-1"]
[WhiteElo "1218"]
[BlackElo "2156"]
[TimeControl "300"]
[EndTime "7:29:04 PDT"]
[Termination "AttackingSnowLeopard won by resignation"]

1. e4 c6 2. d4 d5 3. exd5 cxd5 4. c4 Nf6 5. Nc3 e6 6. Nf3 Nc6 7. cxd5 exd5 8. Bd3 Bb4 9. Bd2 O-O 10. O-O Bg4 11.
h3 Bh5 12. Qc2 Bxf3 13. gxf3 Nxd4 14. Qd1 Qd7 15. Kg2 Nf5 16. Bxf5 Qxf5 17. Kh2 Bd6+ 18.
f4 Bxf4+ 19. Bxf4 Qxf4+ 20. Kg1 d4 21. Ne2 Qg5+ 22. Ng3 Ne4 23. Qg4 Qxg4 24. hxg4 Nxg3 25. fxg3 Rac8 26. Rac1 Rfd8 27. Rxc8 Rxc8 28. Rd1 Kf8 29. Rxd4 Rc1+ 30. Kf2 Rc2+ 31. Kf3 Rxb2 32. Rd7 Ke8 33. Rc7 a5 34. Ke4 a4 35. Kd5 a3 36.
Kd6 Rd2+ 37. Ke5 Rxa2 38. Kd6 Rd2+ 39. Ke5 a2 40. Rc1 Kd7 41. Ra1 b5 42. Ke4 b4 43.
Ke3 b3 44. Kxd2 b2 45. Rd1 b1=Q 46. Ke2+ Qxd1+ 47. Kxd1 a1=Q+ 0-1

[Event "Live Chess"]
[Site "Chess.com"]
[Date "2023.05.21"]
[Round "-"]
[White "mach247"]
[Black "garyjc"]
[Result "0-1"]
[WhiteElo "1331"]
[BlackElo "1049"]
[TimeControl "300"]
[EndTime "7:29:10 PDT"]
[Termination "garyjc won by resignation"]

1. e4 c5 2. Nf3 a6 3. d4 cxd4 4. Nxd4 Nf6 5. Nc3 e6 6. Be3 b5 7. Be2 Bb7 8. f3 b4 9. Nb1 Be7 10. c3 a5 11. O-O O-O 12. cxb4 Bxb4 13. a3 Be7 14. Nb5 d5 15. e5 Nfd7 16. f4 Nc6 17. N1c3 d4 18. Bxd4 Nxd4 19. Qxd4 Bc5 0-1

[Event "Live Chess"]
[Site "Chess.com"]
[Date "2023.05.21"]
[Round "-"]
[White "grillage"]
[Black "JoRoSaR"]
[Result "1-0"]
[WhiteElo "1785"]
[BlackElo "1671"]
[TimeControl "300"]
[EndTime "7:29:33 PDT"]
[Termination "grillage won by resignation"]

1. d4 f5 2. Bg5 g6 3. Nc3 Bg7 4. e4 fxe4 5. Nxe4 Nf6 6. Bxf6 exf6 7. Nf3 O-O 8. Bd3 d5 9. Nc5 b6 10. Nb3 Bb7 11. O-O Nd7 12. Re1 Rc8 13. c4 c5 14.
dxc5 Nxc5 15. Nxc5 Rxc5 16. cxd5 Rxd5 17. Bc4 b5 18.
Bxd5+ Bxd5 19. Re3 Rf7 20. Rd3 Rd7 21. Rc1 f5 22.
Rc5 Be6 23. Rxd7 Qxd7 24. Qxd7 Bxd7 25. Rc7 Be6 26. Rxa7 Bxb2 27. Ng5 Bc4 28. h4 Bc1 29. Nf3 Be2 30. Nd4 Bd3 31. Rb7 Bb2 32. Nxb5 Be5 33. a4 Be4 34. Re7 Bf4 35. g3 Bd2 36. Rd7 Bb4 37.
Nd6 Bc2 38. Ne8 Bxa4 39. Nf6+ Kf8 40. Rd4 Be7 41. Nxh7+ Kg7 42. Rxa4 Kxh7 43. Ra7 1-0

[Event "Live Chess"]
[Site "Chess.com"]
[Date "2023.05.21"]
[Round "-"]
[White "Cimon"]
[Black "ramses-IIG"]
[Result "1-0"]
[WhiteElo "1845"]
[BlackElo "870"]
[TimeControl "300"]
[EndTime "7:29:38 PDT"]
[Termination "Cimon won by resignation"]

1. Nf3 d5 2. d4 Nc6 3. Bf4 Bf5 4.
c3 e6 5. Qb3 b6 6. e3 Bd6 7. Bb5 Bxf4 8. Bxc6+ Ke7 9. exf4 Rb8 10. Nbd2 Qd6 11. Bb5 Qxf4 12. O-O Nh6 13. c4 f6 14. cxd5 exd5 15. Rfe1+ Kf7 16. Qxd5+ Kg6 17. g3 Qd6 18. Nh4+ Kh5 19. Qxd6 cxd6 20. Be2+ Ng4 21.
h3 Rhe8 22. hxg4+ Bxg4 23. Bxg4+ Kxg4 24. Kg2 Rxe1 25. Rxe1 Rc8 26. Re4+ Kg5 27. f4+ Kh6 28. Nf5+ Kg6 29. Ne7+ Kf7 30. Nxc8 1-0

[Event "Live Chess"]
[Site "Chess.com"]
[Date "2023.05.21"]
[Round "-"]
[White "NomisY"]
[Black "Ed_Knox"]
[Result "0-1"]
[WhiteElo "1526"]
[BlackElo "1459"]
[TimeControl "300"]
[EndTime "7:29:45 PDT"]
[Termination "Ed_Knox won on time"]

1. d4 g6 2. c4 Bg7 3. Nc3 d6 4. e4 e5 5. d5 Nf6 6. f3 a5 7.
Be3 Na6 8. Qd2 O-O 9. Nge2 Bd7 10. O-O-O c6 11. g4 Ne8 12. Ng3 cxd5 13. cxd5 Rc8 14.
Kb1 Nc5 15. h4 b5 16. Bxb5 Bxb5 17. Nxb5 Rb8 18. Na3 Qb6 19. Nc4 Qb5 20. Nxa5 Nd3 21.
Nb3 Nb4 22. Nc1 Nc7 23. Nge2 Rb7 24. Nc3 Qa6 25. a3 Ra8 26. axb4 Qa1+ 27. Kc2 Rxb4 28. Nd3 Qa6 29. Nxb4 Qc4 30. Nc6 Ra6 31. Qd3 Qxd3+ 32.
Rxd3 Bf8 33. Nb4 Rb6 34. Bxb6 Nxd5 35. Ncxd5 Kg7 36. g5 Be7 37. Nf6 Bxf6 38. gxf6+ Kf8 39. Rxd6 h5 0-1

[Event "Live Chess"]
[Site "Chess.com"]
[Date "2023.05.21"]
[Round "-"]
[White "Hacker_2009"]
[Black "Daniel_Gliddon_FA"]
[Result "0-1"]
[WhiteElo "1938"]
[BlackElo "1258"]
[TimeControl "300"]
[EndTime "7:29:48 PDT"]
[Termination "Daniel_Gliddon_FA won by resignation"]

1. d4 Nf6 2. Nf3 g6 3. c4 Bg7 4. Nc3 O-O 5. e4 d6 6. Be2 Bg4 7. O-O Bxf3 8. Bxf3 e5 9. d5 Nbd7 10. b4 Qe7 11. a3 Rad8 12. Nb5 a6 13. Nc3 Nb6 14.
Qb3 Nfd7 15. Be3 f5 16. c5 f4 17. cxb6 fxe3 18. bxc7 Rc8 19. fxe3 Rxc7 20. Bg4 Nf6 21.
Be6+ Kh8 22. Ne2 Nxe4 23. Rxf8+ Bxf8 24. Rf1 Nd2 25. Qd1 Nxf1 26. Qxf1 Bg7 27. Ng3 Qg5 28. Qe1 Rc2 29. e4 Rc1 0-1

[Event "Live Chess"]
[Site "Chess.com"]
[Date "2023.05.21"]
[Round "-"]
[White "KeithArkell"]
[Black "Bill0007"]
[Result "1-0"]
[WhiteElo "2477"]
[BlackElo "1477"]
[TimeControl "300"]
[EndTime "7:29:58 PDT"]
[Termination "KeithArkell won by resignation"]

1. d4 d5 2. Nf3 Nf6 3. c4 e6 4.
cxd5 exd5 5. Nc3 c6 6. Qc2 g6 7. Bg5 Bf5 8. Qb3 Be7 9. Qxb7 Nbd7 10. Bxf6 Bxf6 11. Qxc6 O-O 12. e3 Nb6 13. Qb5 Rb8 14. Qa5 Qe7 15. b3 Rfd8 16. Be2 Rbc8 17. O-O Bg7 18.
Rac1 Be4 19. Nxe4 dxe4 20. Nd2 Nd5 21. Rxc8 Rxc8 22. Qxd5 1-0

[Event "Live Chess"]
[Site "Chess.com"]
[Date "2023.05.21"]
[Round "-"]
[White "MarkLim1"]
[Black "Ra2orLeaf"]
[Result "1-0"]
[WhiteElo "1706"]
[BlackElo "1143"]
[TimeControl "300"]
[EndTime "7:30:01 PDT"]
[Termination "MarkLim1 won on time"]

1. e4 c5 2. Nf3 Nc6 3. Bb5 a6 4. Bxc6 bxc6 5. O-O d5 6. e5 Bg4 7. c4 e6 8. d4 cxd4 9. Qxd4 Bxf3 10. gxf3 c5 11. Qd3 Ne7 12. Bf4 Nc6 13. Nc3 Nb4 14. Qd2 d4 15. Ne4 Be7 16. a3 Nc6 17. Rfd1 O-O 18.
Rab1 h6 19. b4 cxb4 20. axb4 Rb8 21. c5 a5 22. b5 Na7 23. Nd6 Bxd6 24. exd6 Nxb5 25.
Ra1 Rc8 26. Rxa5 Rxc5 27. Qb4 Qb6 28. Rxd4 Rfc8 29. d7 Rc1+ 30. Bxc1 Rxc1+ 31. Kg2 Qxd4 32. Qxd4 Nxd4 33. d8=Q+ Kh7 34. Qxd4 f6 35. Qe4+ 1-0

[Event "Live Chess"]
[Site "Chess.com"]
[Date "2023.05.21"]
[Round "-"]
[White "LL220284LL"]
[Black "whatnot126"]
[Result "1-0"]
[WhiteElo "2240"]
[BlackElo "2053"]
[TimeControl "300"]
[EndTime "7:30:09 PDT"]
[Termination "LL220284LL won by resignation"]

1. e4 d6 2. d4 Nf6 3. Nc3 g6 4.
g3 Bg7 5. Bg2 O-O 6. Nge2 c6 7.
O-O Nbd7 8. Re1 e5 9. a4 a5 10. h3 Qb6 11. Rb1 exd4 12. Nxd4 Re8 13. Be3 c5 14.
Ndb5 Bf8 15. g4 h5 16. g5 Nh7 17. Nd5 Qd8 18. Nbc7 Nxg5 19. Nxa8 Ne5 20. h4 Bg4 21. Bxg5 Qxa8 22. Nf6+ Kh8 23. f3 1-0

[Event "Live Chess"]
[Site "Chess.com"]
[Date "2023.05.21"]
[Round "-"]
[White "chessfiction"]
[Black "FlyingChessKestrel13"]
[Result "1-0"]
[WhiteElo "2311"]
[BlackElo "2066"]
[TimeControl "300"]
[EndTime "7:30:10 PDT"]
[Termination "chessfiction won by resignation"]

1. e4 c5 2. d4 cxd4 3. c3 dxc3 4. Nxc3 e6 5. Nf3 d6 6. Bc4 Be7 7. O-O Nf6 8. Qe2 a6 9. Rd1 Qc7 10. Bf4 e5 11. Bg5 Be6 12. Nd5 Bxd5 13. exd5 O-O 14. Rac1 Qd7 15. h3 a5 16. Bd3 Na6 17. a3 Nc5 18. Bb1 a4 19. Rc4 b5 20. Rh4 h6 21.
Bxh6 gxh6 22. Rxh6 Kg7 23. Qe3 Rg8 24. Nh4 Kf8 25. Nf5 e4 26. Qf4 Ke8 27. Nxe7 Qxe7 28. Rxf6 Rd8 29. Re1 Kf8 30. Bxe4 Rg7 31. Re3 Nxe4 32. Rxe4 Qc7 33. Qh6 Kg8 34. Rh4 Kf8 35. Qf4 Rg8 36. Rh7 Rd7 37. Qh6+ Ke8 38. Rh8 Rxh8 39.
Qxh8+ Ke7 40. Rf3 Qc1+ 41. Kh2 f5 42. Re3+ Kf7 43. Qh7+ 1-0

[Event "Live Chess"]
[Site "Chess.com"]
[Date "2023.05.21"]
[Round "-"]
[White "LiamBellwood"]
[Black "jimwad"]
[Result "1-0"]
[WhiteElo "1907"]
[BlackElo "1221"]
[TimeControl "300"]
[EndTime "7:30:13 PDT"]
[Termination "LiamBellwood won by resignation"]

1. d4 d5 2. Nc3 Nf6 3. Bf4 Nc6 4. Nb5 e5 5. Bxe5 Nxe5 6. dxe5 Ne4 7. Qxd5 Qxd5 8.
Nxc7+ Kd8 9. Nxd5 Be6 10. O-O-O Bxd5 11. Rxd5+ Ke7 12. Nh3 Ke6 13. Nf4+ Kf5 14. e3 Nxf2 15.
Bd3+ Nxd3+ 16. cxd3 Be7 17. e6+ Kf6 18. exf7 Kxf7 19.
Rd7 Rhe8 20. Rf1 Kg8 21. Nd5 Bg5 22. Rff7 Bh6 23. g4 Rac8+ 24. Kd1 Rcd8 25. e4 Rxd7 26.
Rxd7 b6 27. Rxa7 b5 28. h4 g5 29. Nf6+ 1-0

[Event "Live Chess"]
[Site "Chess.com"]
[Date "2023.05.21"]
[Round "-"]
[White "viktorskliarov"]
[Black "Tushinskiy"]
[Result "1-0"]
[WhiteElo "2646"]
[BlackElo "2202"]
[TimeControl "300"]
[EndTime "7:30:29 PDT"]
[Termination "viktorskliarov won by resignation"]

1. e4 e5 2. Nc3 d6 3. Bc4 Nf6 4. d3 Be7 5. f4 Bg4 6. Nf3 Nbd7 7.
h3 Bxf3 8. Qxf3 c6 9. O-O b5 10. Bb3 a5 11. a3 O-O 12. Be3 b4 13. axb4 axb4 14. Ne2 Rxa1 15. Rxa1 d5 16. exd5 cxd5 17. Bxd5 Nc5 18. Bc4 e4 19. dxe4 Ncxe4 20. Bd3 Nc5 21.
Bxc5 Bxc5+ 22. Kh2 Re8 23. Ng3 g6 24. Bb5 Re3 25. Ra8 Qxa8 26. Qxa8+ Kg7 27. Qc6 Bd4 28. Qc4 Bxb2 29. Qxb4 Bc1 30. Bc6 h5 31. Nf1 Re6 32.
Bf3 Ra6 33. g3 Ra2 34. Qc4 Ra1 35. h4 Ra3 36. Kg2 Ra7 37. Qb4 Rd7 38. c4 Ra7 39. c5 Ba3 40. Qc3 Bxc5 41. Qxc5 Ra2+ 42. Kg1 Ng8 43.
Qd4+ Kh7 44. Bd5 Ra6 45. Bxf7 Nh6 46. Bc4 Ra8 47. Qd7+ Kh8 48. Ne3 Ra1+ 49. Kf2 Ra3 50. Qe8+ Kh7 51. Qe7+ Kh8 52. Qxa3 1-0

[Event "Live Chess"]
[Site "Chess.com"]
[Date "2023.05.21"]
[Round "-"]
[White "Doge_Dandolo"]
[Black "educatedlad"]
[Result "1/2-1/2"]
[WhiteElo "1871"]
[BlackElo "1627"]
[TimeControl "300"]
[EndTime "7:30:37 PDT"]
[Termination "Game drawn by repetition"]

1. Nf3 d5 2. c4 c6 3. g3 g6 4. Qa4 Bd7 5. Qc2 Bf5 6. d3 Bg7 7.
Bg2 Nd7 8. O-O Rc8 9. Nbd2 Nb6 10. Rb1 e5 11. e4 dxe4 12. dxe4 Be6 13. c5 Nd7 14. b4 a6 15. Rd1 Ne7 16. Ng5 O-O 17.
Nxe6 fxe6 18. Nc4 Qc7 19. Nd6 Rcd8 20. Rb3 Nc8 21. Rbd3 Nxd6 22. Rxd6 Nf6 23. Qc4 Rxd6 24. Rxd6 Re8 25. Bg5 Kh8 26. Bxf6 Bxf6 27. Rxe6 Rxe6 28. Qxe6 Kg7 29. Bh3 Qd8 30. Kg2 Qd3 31. Qc8 Qxe4+ 32. Kg1 Qe1+ 33. Bf1 Qxb4 34. Qd7+ Kh6 35. Qh3+ Kg7 36.
Qd7+ Kh6 37. Qh3+ Kg7 38. Qd7+ 1/2-1/2

[Event "Live Chess"]
[Site "Chess.com"]
[Date "2023.05.21"]
[Round "-"]
[White "robotking06"]
[Black "TheSmoulderingMaster"]
[Result "0-1"]
[WhiteElo "308"]
[BlackElo "1656"]
[TimeControl "300"]
[EndTime "7:30:48 PDT"]
[Termination "TheSmoulderingMaster won by resignation"]

1. Nf3 d5 2. g3 c5 3. Bg2 Nc6 4. Nc3 Nf6 5. d3 e5 6. Bg5 Be7 7. Bf4 exf4 8. Ne5 Nxe5 9. Nxd5 Nxd5 10. Qd2 f3 11. Qb4 Nxb4 12. Kd2 fxg2 13. h4 gxh1=Q 14.
Rg1 Qxg1 15. Ke3 Nd5+ 16. Kd2 Qxf2 17. g4 Qe3+ 0-1

[Event "Live Chess"]
[Site "Chess.com"]
[Date "2023.05.21"]
[Round "-"]
[White "WilliamofOrange16th"]
[Black "domrobson"]
[Result "1/2-1/2"]
[WhiteElo "1855"]
[BlackElo "1747"]
[TimeControl "300"]
[EndTime "7:31:08 PDT"]
[Termination "Game drawn by agreement"]

1. e4 e5 2. Nf3 Nc6 3. Bc4 Nf6 4. d4 exd4 5. O-O Nxe4 6. Re1 d5 7. Bxd5 Qxd5 8.
Nc3 Qh5 9. Nxe4 Be6 10. Bg5 Bd6 11. Nxd6+ cxd6 12. Bf4 O-O-O 13. Nxd4 Qxd1 14. Raxd1 Nxd4 15. Rxd4 d5 16. Be5 Rhg8 17. Red1 b5 18. b3 Kb7 19. a4 a6 20. axb5 axb5 21. Rb1 Rc8 22. Rb2 Rc6 23. c3 Rgc8 24. Rh4 f6 25. Bd4 h6 26. Rf4 Ra6 27.
h3 Ra1+ 28. Kh2 Ra3 29. Rf3 Rca8 30. g4 Ra2 31. Rxa2 Rxa2 32. Re3 Ra6 33. Kg3 Kc8 34. f4 Kd7 35. f5 Bf7 36. b4 Ra8 37. Bc5 Re8 38. Kf3 Rxe3+ 39. Kxe3 g6 40. Bf8 h5 41. fxg6 Bxg6 42. Kf4 hxg4 43. Kxg4 Ke6 44. h4 Kf7 45. Bc5 Bd3 46. Bd4 Kg6 47. h5+ Kg7 48. Be3 f5+ 49.
Kg5 Kh7 50. Bf4 Bc2 51. Kf6 Bd1 52. Ke5 Bxh5 53. Kxf5 Be2 54. Ke5 Bc4 55. Kd4 Kg6 56. Bd6 1/2-1/2

[Event "Live Chess"]
[Site "Chess.com"]
[Date "2023.05.21"]
[Round "-"]
[White "stevochess11"]
[Black "BJAW87"]
[Result "1-0"]
[WhiteElo "1666"]
[BlackElo "1460"]
[TimeControl "300"]
[EndTime "7:31:08 PDT"]
[Termination "stevochess11 won by resignation"]

1. d4 Nf6 2. Nf3 g6 3. Nc3 Bg7 4. e4 O-O 5. Be3 d6 6. Qd2 Re8 7. O-O-O Nbd7 8. e5 dxe5 9. dxe5 Ng4 10. e6 fxe6 11.
Ng5 Nxe3 12. Nxe6 Nxd1 13. Qxd1 b6 14. Bc4 Kh8 15. Nxd8 Rxd8 16. Re1 e5 17. Bd5 Rb8 18. Nb5 a6 19. Nxc7 Bb7 20. Bxb7 Rxb7 21. Ne6 Re8 22. Nxg7 Kxg7 23. f4 e4 24. Qd4+ Nf6 25. g4 Rd7 26.
Qc3 Kf7 27. g5 Nd5 28. Qb3 e3 29. c4 Nxf4 30. c5+ Kg7 31. Qc3+ Kg8 32. Qc4+ Kf8 33. Qxf4+ Rf7 34. Qd6+ Rfe7 35. Rxe3 Kf7 36. Rf3+ Kg7 37.
Qf6+ Kg8 38. cxb6 Re1+ 39. Kd2 R1e2+ 40. Kd3 Rxb2 41. Qxb2 Rd8+ 42. Kc4 1-0

[Event "Live Chess"]
[Site "Chess.com"]
[Date "2023.05.21"]
[Round "-"]
[White "Mugzwang"]
[Black "Leonid_Starozhilov"]
[Result "0-1"]
[WhiteElo "1447"]
[BlackElo "2637"]
[TimeControl "300"]
[EndTime "7:31:14 PDT"]
[Termination "Leonid_Starozhilov won by resignation"]

1. Nf3 Nf6 2. c4 g6 3. Nc3 Bg7 4. g3 O-O 5. Bg2 d6 6. O-O e5 7.
d3 Nc6 8. Bg5 h6 9. Be3 Be6 10.
Qd2 Kh7 11. d4 Bxc4 12. dxe5 dxe5 13. Qxd8 Rfxd8 14. Rfd1 a6 15. b3 Be6 16. Na4 Nd5 17.
Bd2 e4 18. Ne1 e3 19. fxe3 Bxa1 20. Rxa1 Nb6 21. Nc5 Rxd2 0-1

[Event "Live Chess"]
[Site "Chess.com"]
[Date "2023.05.21"]
[Round "-"]
[White "hturner40"]
[Black "EdenHazard8"]
[Result "1-0"]
[WhiteElo "1801"]
[BlackElo "1931"]
[TimeControl "300"]
[EndTime "7:31:16 PDT"]
[Termination "hturner40 won by resignation"]

1. Nf3 d5 2. g3 Nc6 3. d4 Bg4 4. Bg2 e6 5. c4 Nf6 6. Ne5 Bf5 7.
Qa4 Qd6 8. c5 Qd8 9. Nc3 Be7 10.
Nxc6 bxc6 11. Qxc6+ Nd7 12. e4 dxe4 13. Bxe4 Bxe4 14.
Nxe4 Bf6 1-0